 Dungeon Crawl Stone Soup version 0.30-a0-737-gf23d94013f (console) character file.

Game seed: 9322031147362783096

67960 rlgrobin the Ogre Mage (level 15, -3/154 HPs)
             Began as an Ogre Reaver on Feb 2, 2023.
             Was the Champion of Wu Jian.
             Slain by an orc knight
             ... wielding a +0 long sword
              (23 damage)
             ... on level 13 of the Dungeon.
             The game lasted 01:14:06 (21785 turns).

rlgrobin the Ogre Mage (Ogre Reaver)               Turns: 21785, Time: 01:14:07

Health: -3/154     AC:  9    Str: 26    XL:     15   Next: 24%
Magic:  31/31      EV: 14    Int: 20    God:    Wu Jian [******]
Gold:   1596       SH:  0    Dex: 13    Spells: 22/38 levels left

rFire   . . .      SeeInvis +    a - +2 quarterstaff (spect)
rCold   + + +      Faith    .    (shield currently unavailable)
rNeg    . . .      Spirit   .    A - +4 skin of Zhor {*Englaciate rC+++ SInv}
rPois   .          Reflect  .    (helmet restricted)
rElec   .          Harm     .    i - +1 cloak
rCorr   .          Rampage  .    (gloves unavailable)
Will    +....                    (boots unavailable)
Stlth   ++                       C - amulet of regeneration
HPRegen 1.25/turn                I - +6 ring of strength
MPRegen 0.22/turn                J - +6 ring of intelligence

@: no status effects
A: large, unfitting armour, tough skin 1
a: Renounce Religion, Wall Jump, Serpent's Lash, Heavenly Storm


You were on level 13 of the Dungeon.
You worshipped Wu Jian.
Wu Jian was exalted by your worship.
You visited 3 branches of the dungeon, and saw 19 of its levels.
You also visited: Sewer, Gauntlet and Ice Cave.

You collected 1596 gold pieces.

Inventory:

Hand Weapons
 a - a +2 spectral quarterstaff (weapon)
 G - the +7 great mace "Firestarter" {flame, inner flame, rFlCloud rF++}
   (You found it on level 5 of the Lair of Beasts)

   rFlCloud:  It grants immunity to clouds of flame.
   rF:        It greatly protects you from fire.
 R - a +1 demon whip of draining
 Y - the +0 staff of Battle
   (You took it off a minotaur in a Gauntlet)

   It enhances your conjuration magic.
   It summons a battlesphere in combat, with strength depending on Conjurations
   skill.
   Its strikes trigger the battlesphere's blasts.
Missiles
 t - 9 curare-tipped darts
 B - 3 boomerangs of dispersal
 D - 74 poisoned darts (quivered)
Armour
 i - a +1 cloak (worn)
 r - +0 acid dragon scales
 A - the +4 skin of Zhor (worn) {*Englaciate rC+++ SInv}
   (You found it on level 2 of the Lair of Beasts)

   *Englaciate: It radiates cold, occasionally slowing all nearby creatures who
   are not resistant to cold.
   rC:        It renders you almost immune to cold.
   SInv:      It lets you see invisible.
 S - a +1 kite shield of cold resistance
Magical Staves
 b - a staff of conjuration
Jewellery
 m - a ring of fire
 x - a ring of magical power
 C - an amulet of regeneration (around neck)
 I - a +6 ring of strength (left hand)
 J - a +6 ring of intelligence (right hand)
 P - an amulet of magic regeneration
 X - the amulet of the Air {Inacc Air Fly rElec RMsl}
   (You took it off a minotaur in a Gauntlet)

   [amulet of nothing]

   Inacc:     It reduces the accuracy of your attacks and spells.
   Air:       It enhances your air magic.
   rElec:     It insulates you from electricity.
   Fly:       It grants you flight.
   RMsl:      It protects you from missiles.
 Z - a ring of wizardry
Wands
 c - a wand of digging (5)
 d - a wand of polymorph (5)
 k - a wand of quicksilver (7)
 p - a wand of mindburst (1)
 y - a wand of iceblast (3)
 K - a wand of flame (36)
 N - a wand of charming (19)
Scrolls
 j - 2 scrolls of silence
 l - a scroll of magic mapping
 z - a scroll of fog
 H - 3 scrolls of blinking
 L - 4 scrolls of teleportation
 O - 7 scrolls of identify
 T - a scroll of summoning
Potions
 e - 4 potions of haste
 f - 9 potions of curing
 g - 8 potions of brilliance
 h - a potion of berserk rage
 n - 3 potions of ambrosia
 o - 3 potions of cancellation
 q - 7 potions of lignification
 E - 2 potions of invisibility
 F - 4 potions of might
 Q - a potion of resistance
Miscellaneous
 s - a box of beasts
 v - a phial of floods
 M - a lightning rod (4/4)


   Skills:
 - Level 11.4 Fighting
 - Level 3.8(6.2) Maces & Flails
 - Level 8.4(8.9) Staves
 - Level 3.0 Armour
 - Level 11.1 Dodging
 - Level 1.6 Stealth
 - Level 12.3 Spellcasting
 - Level 12.0 Conjurations
 - Level 4.0 Hexes
 - Level 4.9 Translocations
 - Level 2.0 Fire Magic
 + Level 7.4 Evocations


You had 22 spell levels left.
You knew the following spells:

 Your Spells              Type           Power      Damage    Failure   Level
a - Iskenderun's Mystic   Conj/Tloc      46%        2d10      1%          4
b - Momentum Strike       Conj/Tloc      92%        3d10      1%          2
c - Blink                 Tloc           64%        N/A       1%          2
d - Kiss of Death         Conj/Necr      100%       2d13      1%          1
e - Fulminant Prism       Conj/Hex       22%        3d12      1%          4
f - Kindle Blastsparks    Fire/Tloc/Air  42%        2d13      6%          3

Your spell library contained the following spells:

 Spells                   Type           Power      Damage    Failure   Level
 Lesser Beckoning         Tloc           64%        N/A       1%          2
 Hailstorm                Conj/Ice       36%        3d9       1%          3
 Portal Projectile        Hex/Tloc       60%        N/A       2%          3
 Ensorcelled Hibernation  Hex/Ice        40%        N/A       3%          2
 Scorch                   Fire           40%        2d7       3%          2
 Flame Wave               Conj/Fire      40%        2d11      3%          4
 Inner Flame              Hex/Fire       24%        N/A       4%          3
 Passage of Golubria      Tloc           32%        N/A       7%          4
 Cause Fear               Hex            14%        N/A       11%         4
 Call Canine Familiar     Summ           12%        N/A       16%         3
 Ozocubu's Armour         Ice            12%        N/A       16%         3
 Leda's Liquefaction      Hex/Erth       10%        N/A       24%         4
 Freezing Cloud           Conj/Ice/Air   14%        6-21      28%         5
 Ice Form                 Ice/Tmut       12%        N/A       47%         4
 Summon Ice Beast         Ice/Summ       12%        N/A       47%         4
 Summon Mana Viper        Hex/Summ       20%        N/A       54%         5
 Conjure Ball Lightning   Conj/Air       18%        3x3d6     56%         6
 Lee's Rapid Deconstruct  Erth           6%         3d6*      83%         5
 Summon Cactus Giant      Summ           6%         N/A       100%        6
 Monstrous Menagerie      Summ           6%         N/A       100%        7
 Ozocubu's Refrigeration  Ice            6%         4d8       100%        7
 Borgnjor's Revivificati  Necr           6%         N/A       100%        8
 Discord                  Hex            14%        N/A       100%        8
 Necromutation            Tmut/Necr      6%         N/A       100%        8
 Death's Door             Necr           6%         N/A       100%        9


Dungeon Overview and Level Annotations

Branches:
Dungeon (13/15)            Temple (1/1) D:4            Lair (5/5) D:9
  Swamp (0/4) Lair:2        Snake (0/4) Lair:2        Slime (0/5) Lair:5
    Orc (0/2) D:12         Vaults (0/5) D:13          Sewer (visited)
  IceCv (visited)         Gauntlet (visited)

Altars:
Ashenzari
Cheibriados
Dithmenos
Elyvilon
Fedhas
Gozag
Hepliaklqana
Kikubaaqudgha
Makhleb
Nemelex Xobeh
Okawaru
Qazlal
Ru
Sif Muna
Trog
Uskayaw
Vehumet
Wu Jian
Xom
Yredelemnul
Zin
The Shining One
Jiyva

Shops:
D:3 :

Portals:
Trove: D:12 (give +6 demon trident)

Annotations:
D:13 1 runed translucent door, Caekett's ghost, journeyman GnRe
Lair:2 exclusion: door
Lair:5 3 runed translucent doors, KingMieszko3's ghost, journeyman MiBe


Innate Abilities, Weirdness & Mutations

You are too large for most types of armour.
You have tough skin. (AC +1)


Message History

The bolt hits your +2 spectral quarterstaff!!
Your spectral weapon shares its damage with you!
Your +2 spectral quarterstaff fades away.
You sock the orc knight!
The orc knight is almost dead.
Your +2 spectral quarterstaff hits the orc knight but does no damage.
The orc knight is no longer moving slowly.
The orc knight misses your +2 spectral quarterstaff.
You hit the orc knight.
The orc knight is almost dead.
Your +2 spectral quarterstaff hits the orc knight!
You kill the orc knight!
The Council accepts your kill.
You sock the orc knight!
The orc knight is lightly wounded.
Your +2 spectral quarterstaff hits the orc knight.
The orc knight unwields a +0 arbalest.
The orc knight wields a +0 long sword.
The orc knight hits you with a +0 long sword!!
You hit the orc knight but do no damage.
The orc knight is lightly wounded.
Your +2 spectral quarterstaff hits the orc knight!
The orc knight hits you with a +0 long sword!!
* * * LOW HITPOINT WARNING * * *
You sock the orc knight!
The orc knight is heavily wounded.
Your +2 spectral quarterstaff closely misses the orc knight.
The orc knight hits you with a +0 long sword!
* * * LOW HITPOINT WARNING * * *
You feel much better. The orc knight misses you.
You hit the orc knight but do no damage.
The orc knight is heavily wounded.
Your +2 spectral quarterstaff hits the orc knight.
You barely miss the orc knight.
The orc knight is heavily wounded.
Your +2 spectral quarterstaff hits the orc knight but does no damage.
The orc knight hits you with a +0 long sword!!
* * * LOW HITPOINT WARNING * * *
You feel better.
The orc knight hits you with a +0 long sword!!
You die...

###≈~...#..# #...#
..#≈≈~..#..#
#...+...)≈≈≈~.#..#
#...#...p≈≈≈~.#..)
#...#####≈≈≈~.####
#...# #≈≈≈~.....
#####...#####~~~....#.
#⌠.⌠#§......'.........
#.∩.o@..#...'.........
#⌠.⌠#...)...'.....####
### #...#####~~~.....#
#...# #≈≈~~....#
#...#####≈≈≈~.####
#...#....≈≈≈~.# #
#...'...)≈≈≈~.# #
#...#...#≈≈~.## #
#########≈~..# #


You could see an orc knight (strong).

Vanquished Creatures
  A reaper (IceCv)
  A minotaur (Gauntlet)
  A fire dragon (Lair:5)
  A great orb of eyes (Gauntlet)
  6 hydras
  2 vault guards (D:13)
  An ogre mage (D:13)
  3 two-headed ogres
  5 boulder beetles
  4 death yaks
  4 centaur warriors (D:13)
  Nergalle (D:11)
  Amaemon (Lair:3)
  A necromancer (Gauntlet)
  A wizard (D:13)
  A lindwurm (Lair:5)
  An orc knight (D:13)
  A deep elf pyromancer (D:12)
  3 ugly things
  2 cyclopes
  7 elephants
  4 manticores
  2 ice statues (IceCv)
  3 molten gargoyles (Lair:5)
  A torpor snail (Lair:2)
  An orange demon (Lair:3)
  4 black mambas
  8 cane toads
  An unseen horror (D:10)
  A yaktaur (D:13)
  An unseen horror (shapeshifter) (D:13)
  An efreet (D:13)
  6 rime drakes
  13 komodo dragons
  7 anaconda simulacra (IceCv)
  A guardian mummy (D:12)
  6 ice devils (IceCv)
  A queen bee (Gauntlet)
  3 trolls
  A hornet (D:9)
  4 dream sheep (Lair:5)
  21 blink frogs
  5 slime creatures (D:12)
  5 wraiths
  2 dire elephant simulacra (IceCv)
  A shadow (D:11)
  30 yaks
  8 wyverns
  5 basilisks
  A human (D:13)
  5 steam dragons
  Grum (D:11)
  A harpy simulacrum (IceCv)
  A death yak simulacrum (IceCv)
  A swamp worm (Lair:2)
  2 wargs (D:9)
  5 hell hounds (Lair:5)
  2 acid dragons (D:9)
  17 water moccasins
  5 orc warriors
  A floating eye (Lair:4)
  A sky beast (D:8)
  6 black bears
  An ice beast (D:6)
  3 boggarts (D:12)
  19 wolves
  4 ogres
  12 centaurs
  A phantom (D:7)
  2 necrophages
  5 kobold brigands
  15 bullfrogs
  3 scorpions
  5 wights (D:9)
  An elephant simulacrum (IceCv)
  4 killer bees (Gauntlet)
  5 electric eels
  7 howler monkeys
  5 lava snakes (Lair:5)
  A hound (D:5)
  12 orc priests
  7 hell rats (Lair:5)
  3 iguanas
  16 orc wizards
  A troll simulacrum (IceCv)
  A spriggan simulacrum (IceCv)
  3 gnolls (D:4)
  11 adders
  A naga simulacrum (IceCv)
  4 river rats (Sewer)
  13 white imps
  4 ufetubi
  3 worms
  3 dart slugs
  49 orcs
  17 ball pythons
  3 bats
  6 endoplasms
  4 giant cockroaches
  11 goblins
  6 hobgoblins
  7 jackals
  6 quokkas
  40 kobolds
  21 rats
588 creatures vanquished.

Vanquished Creatures (collateral kills)
  A dream sheep (Lair:5)
1 creature vanquished.

Vanquished Creatures (others)
  3 black mambas
  A basilisk (Lair:2)
  An orc warrior (D:13)
  A wolf (Lair:2)
  Ijyb (D:3)
  2 human simulacra (D:13)
  A goblin (D:3)
  A fulminant prism (D:12)
  29 fungi
  32 plants
  2 withered plants (D:13)
74 creatures vanquished.

Grand Total: 663 creatures vanquished

Notes
Turn   | Place    | Note
-------+----------+-------------------------------------------
     0 | D:1      | rlgrobin the Ogre Reaver began the quest for the Orb.
     0 | D:1      | Reached XP level 1. HP: 22/22 MP: 3/3
   114 | D:1      | Reached skill level 1 in Stealth
   130 | D:1      | Reached XP level 2. HP: 29/29 MP: 5/5
   195 | D:1      | You fall into a shaft and drop 1 floor!
   329 | D:2      | Reached XP level 3. HP: 33/36 MP: 6/6
   946 | D:1      | Reached XP level 4. HP: 36/36 MP: 7/7
  1470 | D:3      | Found Fanki's Book Shoppe.
  1503 | D:3      | Found a basalt altar of Yredelemnul.
  2059 | D:3      | Reached XP level 5. HP: 40/42 MP: 9/9
  2099 | D:3      | Noticed Ijyb
  2105 | D:3      | Killed Ijyb
  2745 | D:4      | Found a staircase to the Ecumenical Temple.
  2761 | Temple   | Entered the Ecumenical Temple
  2806 | Temple   | Became a worshipper of the Wu Jian Council
  3483 | D:4      | Reached XP level 6. HP: 54/59 MP: 12/12
  3708 | D:5      | Entered Level 5 of the Dungeon
  3759 | D:5      | Learned a level 2 spell: Momentum Strike
  3936 | D:5      | Reached * piety under Wu Jian
  3982 | D:5      | Reached skill level 5 in Spellcasting
  3982 | D:5      | Reached XP level 7. HP: 66/66 MP: 14/14
  4085 | D:5      | Found a radiant altar of Vehumet.
  4087 | D:5      | Found a shimmering blue altar of Sif Muna.
  4090 | D:5      | Found a stormy altar of Qazlal.
  4091 | D:5      | Found an opulent altar of Gozag.
  4158 | D:5      | Reached skill level 5 in Conjurations
  4542 | D:5      | Reached skill level 1 in Staves
  4542 | D:5      | Reached XP level 8. HP: 73/74 MP: 17/17
  4650 | D:6      | Found a glowing drain.
  4678 | Sewer    | Entered a sewer
  4748 | Sewer    | Reached ** piety under Wu Jian
  5643 | D:6      | Reached *** piety under Wu Jian
  6048 | D:6      | Reached XP level 9. HP: 42/80 MP: 20/20
  6092 | D:7      | Reached skill level 5 in Staves
  6280 | D:7      | Found a white marble altar of Elyvilon.
  6931 | D:8      | Reached skill level 5 in Dodging
  7247 | D:8      | Reached **** piety under Wu Jian
  7689 | D:9      | Noticed a hornet
  7696 | D:9      | Killed a hornet
  7697 | D:9      | Reached skill level 1 in Evocations
  7767 | D:9      | Noticed a two-headed ogre
  7776 | D:9      | Killed a two-headed ogre
  7777 | D:9      | Reached skill level 5 in Fighting
  7777 | D:9      | Reached XP level 10. HP: 55/98 MP: 19/21
  7873 | D:9      | Found a staircase to the Lair.
  8052 | D:9      | Found a sparkling altar of Nemelex Xobeh.
  8234 | D:9      | Found a glowing golden altar of the Shining One.
  8831 | D:9      | Found a broken altar of Ashenzari.
  8900 | D:10     | Entered Level 10 of the Dungeon
  8953 | D:10     | Killed an unseen horror
  8954 | D:10     | Reached skill level 5 in Evocations
  9055 | D:10     | Reached skill level 1 in Armour
  9083 | D:10     | Noticed a two-headed ogre
  9090 | D:10     | Killed a two-headed ogre
  9527 | D:11     | Noticed a white ugly thing
  9535 | D:10     | Reached XP level 11. HP: 92/106 MP: 24/24
  9615 | D:11     | Noticed a cyclops
  9788 | D:11     | Noticed Nergalle
  9851 | Lair:1   | Entered Level 1 of the Lair of Beasts
  9927 | Lair:1   | Reached skill level 10 in Spellcasting
 10534 | Lair:1   | Learned a level 2 spell: Blink
 10621 | Lair:1   | Reached ***** piety under Wu Jian
 10774 | Lair:2   | Found a staircase to the Snake Pit.
 10782 | Lair:2   | Reached skill level 1 in Translocations
 10824 | Lair:2   | Noticed a boulder beetle
 10836 | Lair:2   | Killed a boulder beetle
 10982 | Lair:1   | Learned a level 4 spell: Iskenderun's Mystic Blast
 11067 | Lair:2   | Reached XP level 12. HP: 118/118 MP: 26/26
 11786 | Lair:2   | Noticed a six-headed hydra
 11786 | Lair:2   | Noticed a six-headed hydra
 11809 | Lair:3   | Noticed a seven-headed hydra
 11822 | Lair:3   | Killed a seven-headed hydra
 11964 | Lair:3   | Noticed a death yak
 11964 | Lair:3   | Noticed a death yak
 11964 | Lair:3   | Noticed a death yak
 12006 | Lair:2   | Killed a six-headed hydra
 12013 | Lair:2   | Killed a six-headed hydra
 12014 | Lair:2   | Reached skill level 10 in Fighting
 12238 | Lair:2   | Found the +4 skin of Zhor {*Englaciate rC+++ SInv}
 12435 | Lair:2   | Found a staircase to the Swamp.
 12545 | Lair:3   | Noticed Amaemon
 12585 | Lair:3   | Noticed an eight-headed hydra
 12665 | Lair:3   | Noticed a boulder beetle
 12665 | Lair:3   | Noticed a death yak
 12748 | Lair:1   | Killed a death yak
 12845 | Lair:2   | Killed a death yak
 12930 | Lair:2   | Killed a death yak
 12931 | Lair:2   | Reached XP level 13. HP: 60/137 MP: 27/27
 13103 | Lair:3   | Reached skill level 10 in Conjurations
 13386 | Lair:3   | You fall into a shaft and drop 1 floor!
 13753 | Lair:3   | Killed Amaemon
 14410 | Lair:4   | Identified the +0 spear "Ultimatum" {spect, Drain rF+ Str+3
                  | Dex+2}
 14419 | Lair:4   | Noticed Nessos
 14420 | Lair:4   | Nessos changed into Nessos the floating eye
 14420 | Lair:4   | Noticed Nessos
 14425 | Lair:4   | Paralysed by Nessos for 4 turns
 14432 | Lair:4   | Killed Nessos the floating eye
 14814 | Lair:5   | Entered Level 5 of the Lair of Beasts
 14864 | Lair:5   | Reached ****** piety under Wu Jian
 14871 | Lair:5   | Reached skill level 10 in Dodging
 15149 | Lair:5   | Found a staircase to the Slime Pits.
 15149 | Lair:5   | Found a viscous altar of Jiyva.
 15444 | Lair:5   | Reached XP level 14. HP: 99/146 MP: 28/28
 15772 | Lair:5   | Found a runed translucent gate.
 15772 | Lair:5   | Found a runed translucent gate.
 15772 | Lair:5   | Noticed an acid blob
 15774 | Lair:5   | Noticed an azure jelly
 15775 | Lair:5   | Found a runed translucent gate.
 15775 | Lair:5   | Noticed an azure jelly
 15775 | Lair:5   | Noticed KingMieszko3's ghost (journeyman MiBe)
 15775 | Lair:5   | Noticed an acid blob
 15775 | Lair:5   | Noticed an acid blob
 15775 | Lair:5   | Noticed an acid blob
 15776 | Lair:5   | Noticed an acid blob
 15863 | Lair:5   | Identified the +1 pair of gloves of the Moon {rF+ Slay+5
                  | Stlth+}
 16006 | Lair:5   | Found a viscous altar of Jiyva.
 16098 | Lair:5   | Found a large runed translucent door.
 16428 | Lair:5   | Found a large runed translucent door.
 16700 | Lair:5   | Found the +7 great mace "Firestarter" {flame, inner flame,
                  | rFlCloud rF++}
 16800 | Lair:5   | Identified the +1 robe of the Stone Wall {rN+}
 17029 | D:11     | Killed Nergalle
 17333 | D:11     | Noticed Sonja
 17335 | D:11     | Sonja changed into Sonja the blink frog
 17335 | D:11     | Noticed Sonja
 17340 | D:11     | Killed Sonja the blink frog
 17340 | D:11     | Identified the +1 scale mail "Pedor" {+Blink rPois Str+2}
 17370 | D:11     | Learned a level 4 spell: Fulminant Prism
 17374 | D:11     | Noticed Urug
 17377 | D:11     | Urug changed into Urug the manticore
 17377 | D:11     | Noticed Urug
 17385 | D:11     | Killed Urug the manticore
 17562 | D:11     | Noticed Grum
 17575 | D:11     | Killed Grum
 17588 | D:11     | Reached skill level 1 in Hexes
 18010 | D:12     | Found a frozen archway.
 18037 | IceCv    | Entered an ice cave
 18376 | IceCv    | Noticed a reaper
 18414 | IceCv    | Killed a reaper
 18453 | IceCv    | Got the Grimoire of the Winter
 18512 | D:12     | Found a gate leading to a gauntlet.
 18520 | Gauntlet | Entered a Gauntlet
 18520 | Gauntlet | Found a transporter.
 18523 | Gauntlet | Found a transporter.
 18525 | Gauntlet | Found a transporter.
 18569 | Gauntlet | Found a runed translucent door.
 18591 | Gauntlet | Found a transporter.
 18593 | Gauntlet | Found a runed translucent door.
 18615 | Gauntlet | Found a transporter.
 18615 | Gauntlet | Found a transporter.
 18615 | Gauntlet | Found a transporter.
 18651 | Gauntlet | Found a runed translucent gate.
 18651 | Gauntlet | Found a runed translucent gate.
 18651 | Gauntlet | Found a runed translucent gate.
 18684 | Gauntlet | Found a transporter.
 18756 | Gauntlet | HP: 1/146 [minotaur/arrow (37)]
 18859 | Gauntlet | Got Fiyrauxe's Grimoire of the Vector and Bruises
 18988 | D:12     | Found a staircase to the Orcish Mines.
 19456 | D:12     | Learned a level 3 spell: Kindle Blastsparks
 19766 | D:12     | Reached skill level 1 in Fire Magic
 20108 | D:12     | Found a portal to a secret trove of treasure.
 20569 | D:13     | Found a runed translucent door.
 20569 | D:13     | Noticed Caekett's ghost (journeyman GnRe)
 20609 | D:13     | Reached XP level 15. HP: 154/154 MP: 30/30
 21765 | D:13     | Found a gate to the Vaults.
 21785 | D:13     | Slain by an orc knight

Illustrated notes

Levels and vault maps discovered:
D:1:      dpeg_arrival_simpleton_c, layout_loops_ring
D:2:      layout_basic
D:3:      kennysheep_goblin_castle, layout_loops_ring,
          mainiacjoe_overflow_tiny_flanked, serial_shops, shop
D:4:      layout_loops_corners, minmay_temple_entry_antechambers,
          kennysheep_boxes
D:5:      layout_gridville, mainiacjoe_overflow_alcove_3, serial_bayou_pond_d
D:6:      layout_loops_ring, gup_sewer_entry_glass, kennysheep_generic_room_13
D:7:      layout_rooms, mainiacjoe_overflow_small_starburst,
          minmay_misc_feat_plants
D:8:      layout_basic
D:9:      layout_irregular_city, kennysheep_mini, mainiacjoe_overflow_alcove_2,
          kennysheep_little_box, erik_lair_orcish_takeover, serial_glass,
          glass_columns_b, glass_columns_b
D:10:     layout_basic, corexii_corridor_pit, kennysheep_pointless_box
D:11:     layout_loops_corners, minmay_diced_spiral, uniq_urug, uniq_sonja,
          uniq_nergalle, uniq_grum
D:12:     layout_stronghold, erik_orc_3, nicolae_trove_entry_path_of_doom,
          gauntlet_entry_generic, portal_ice_cave_entry_imps
D:13:     layout_stronghold, grunt_vaults_entry_fortified,
          gammafunk_ghost_grave, bh_circular_ruins
Temple:   cyrus_circular_temple
Lair:1:   layout_chaotic_city, grunt_megastairs_1
Lair:2:   layout_hall_layers, palyth_hydra_swamp_entry,
          minmay_snake_entry_six_corridors, hellmonk_guarded_unrand_zhor,
          serial_bayou_shore_b
Lair:3:   layout_chaotic_city, beast_lair_carwin_1, infiniplex_staircase_pool,
          uniq_amaemon
Lair:4:   layout_misc_corridors, beast_lair_carwin_8, uniq_nessos
Lair:5:   cheibrodos_lair_end_hotspot, layout_gridlike, slime_entry_1,
          gammafunk_ghost_ooze

Skill      XL: |  1  2  3  4  5  6  7  8  9 10 11 12 13 14 15 |
---------------+----------------------------------------------+-----
Stealth        | 1 |  1.6
Maces & Flails | 3 |  3.8
Conjurations   | 3 4 5 6 8 9 10 12 | 12.0
Spellcasting   | 3 4 5 6 7 9 10 11 12 | 12.3
Staves         | 1 4 5 8 |  8.4
Dodging        | 3 5 7 8 11 | 11.1
Fighting       | 5 7 11 | 11.4
Evocations     | 2 5 6 7 |  7.4
Armour         | 2 3 |  3.0
Translocations | 4 |  4.9
Hexes          | 4 |  4.0
Fire Magic     | 2 |  2.0

Action                     |  1- 3 |  4- 6 |  7- 9 | 10-12 | 13-15 || total
---------------------------+-------+-------+-------+-------+-------++-------
  Melee: Mace              |    90 |     8 |       |       |       ||    98
         Punch             |     1 |       |       |       |     3 ||     4
         Quarterstaff      |       |   107 |   306 |   419 |   829 ||  1661
         Staff             |       |       |       |       |    83 ||    83
  Throw: Stone             |     2 |     1 |       |       |       ||     3
         Dart              |       |     7 |     7 |    26 |    14 ||    54
   Cast: Kiss of Death     |     2 |     1 |     3 |     3 |       ||     9
         Momentum Strike   |       |     1 |     3 |     8 |     4 ||    16
         Blink             |       |       |       |     6 |     1 ||     7
         Iskenderun's Myst |       |       |       |     5 |     2 ||     7
         Kindle Blastspark |       |       |       |       |     2 ||     2
         Fulminant Prism   |       |       |       |       |     1 ||     1
Ability: Lunge             |       |     2 |    17 |    12 |    42 ||    73
         Whirlwind         |       |     1 |    11 |    10 |    24 ||    46
  Evoke: Wand              |       |       |     2 |    20 |    24 ||    46
         Box of beasts     |       |       |       |       |     2 ||     2
         Lightning rod     |       |       |       |       |     2 ||     2
    Use: Scroll            |       |     4 |     9 |    12 |     8 ||    33
         Potion            |       |       |     1 |     1 |     9 ||    11
   Stab: Sleeping          |     1 |     4 |     2 |       |     3 ||    10
         Distracted        |       |       |     3 |     6 |    12 ||    21
 Armour: Robe              |    33 |    47 |    74 |    19 |       ||   173
         Acid dragon scale |       |       |       |   104 |       ||   104
         Animal skin       |       |       |       |     7 |   178 ||   185
  Dodge: Dodged            |    49 |    43 |   122 |   224 |   427 ||   865

Table legend: (Time is in decaauts)
 A = Elapsed time spent in this place.
 B = Non-inter-level travel time spent in this place.
 C = Inter-level travel time spent in this place.
 D = Time resting spent in this place.
 E = Time spent auto-exploring this place.
 F = Levels seen in this place.
 G = Mean time per level.
                   A        B        C        D        E       F      G
               +--------+--------+--------+--------+--------+-----+--------+
         Total |  21762 |  20849 |    913 |   3900 |  11179 |  22 |  989.2 |
       Dungeon |  13351 |  12780 |    571 |   2010 |   7705 |  13 | 1027.0 |
        Temple |     55 |     49 |      6 |      0 |     34 |   1 |   55.0 |
          Lair |   7136 |   6800 |    336 |   1799 |   3151 |   5 | 1427.2 |
         Sewer |    447 |    447 |      0 |      0 |    249 |   1 |  447.0 |
      Ice Cave |    432 |    432 |      0 |      0 |      0 |   1 |  432.0 |
      Gauntlet |    338 |    338 |      0 |     91 |     40 |   1 |  338.0 |
               +--------+--------+--------+--------+--------+-----+--------+

Top non-repeatable levels by time:
  Lair:5: 2073 daAuts
  Lair:2: 1994 daAuts
    D:12: 1527 daAuts
    D:13: 1406 daAuts
     D:9: 1314 daAuts
     D:3: 1288 daAuts
  Lair:3: 1156 daAuts
  Lair:1: 1082 daAuts
     D:6: 1065 daAuts
    D:11: 1005 daAuts
     D:4: 945 daAuts
    D:10: 879 daAuts
     D:5: 868 daAuts
  Lair:4: 829 daAuts
     D:8: 803 daAuts
